 Dungeon Crawl Stone Soup version 0.23-a0-29-g1be82e5 (webtiles) character file.

1444 galech the Cleaver (level 8, -12/69 HPs)
             Began as a Minotaur Fighter on Aug 3, 2018.
             Mangled by Prince Ribbit (15 damage)
             ... on level 6 of the Dungeon.
             The game lasted 00:04:29 (4273 turns).

galech the Cleaver (Minotaur Fighter)               Turns: 4273, Time: 00:04:30

Health: -12/69     AC:  7    Str: 20    XL:     8   Next: 46%
Magic:  7/7        EV:  9    Int:  5    God:
Gold:   260        SH: 10    Dex: 13    Spells: 7/7 levels left

rFire    . . .     SeeInvis .   a - +0 war axe
rCold    . . .     Gourm    .   c - +0 shield
rNeg     . . .     Faith    .   b - +0 scale mail
rPois    .         Spirit   .   (helmet restricted)
rElec    .         Reflect  .   (no cloak)
rCorr    .         Harm     .   (no gloves)
MR       .....                  (no boots)
Stlth    ..........             (no amulet)
HPRegen  0.21/turn              (no ring)
MPRegen  0.10/turn              (no ring)

@: no status effects
A: retaliatory headbutt, horns 2
a: no special abilities


You were on level 6 of the Dungeon.
You were not hungry.

You visited 1 branch of the dungeon, and saw 6 of its levels.

You collected 260 gold pieces.

Inventory:

Hand Weapons
 a - a +0 war axe (weapon)
Armour
 b - a +0 scale mail (worn)
 c - a +0 shield (worn)
Scrolls
 e - 3 scrolls of remove curse {unknown}
 h - 2 scrolls of fear {unknown}
 i - 8 scrolls of identify {unknown}
 j - a scroll of random uselessness {unknown}
 l - a scroll of noise {unknown}
 m - 2 scrolls of teleportation {unknown}
 o - 2 scrolls of amnesia {unknown}
 t - a scroll of immolation {unknown}
 v - a scroll of enchant armour {unknown}
 w - a scroll of enchant weapon {unknown}
Potions
 d - a potion of might
 g - a potion of lignification {unknown}
 k - a potion of mutation {unknown}
 n - 5 potions of curing
 p - 2 potions of magic {unknown}
 q - 2 potions of brilliance {unknown}
 r - a potion of flight {unknown}
 s - a potion of cancellation {unknown}
 u - a potion of invisibility {unknown}
 z - a potion of degeneration {unknown}
 A - 2 potions of resistance {unknown}
 B - a potion of heal wounds {unknown}
Comestibles
 f - 15 rations
 x - 2 chunks of flesh


   Skills:
 + Level 5.5 Fighting
 + Level 8.7 Axes
 + Level 7.0 Armour
 + Level 2.0 Dodging
 + Level 0.3 Stealth
 + Level 6.2 Shields


You had 7 spell levels left.
You didn't know any spells.
Your spell library was empty.

Dungeon Overview and Level Annotations

Branches:
Dungeon (6/15)
 Temple: D:4-7

Altars:
Elyvilon
Nemelex Xobeh
Okawaru
Qazlal
Sif Muna
Wu Jian

Annotations:
D:6 Prince Ribbit


Innate Abilities, Weirdness & Mutations

You reflexively headbutt those who attack you in melee.
You have a pair of horns on your head.


Message History

You closely miss Prince Ribbit.
Prince Ribbit is moderately wounded.
You block Prince Ribbit's attack.
You hit Prince Ribbit.
Prince Ribbit is heavily wounded.
Prince Ribbit hits you!
* * * LOW HITPOINT WARNING * * *
Prince Ribbit hits you.
* * * LOW HITPOINT WARNING * * *
You barely miss Prince Ribbit.
Prince Ribbit is moderately wounded.
You block Prince Ribbit's attack.
You hit Prince Ribbit.
Prince Ribbit is heavily wounded.
You block Prince Ribbit's attack. Prince Ribbit hits you!
* * * LOW HITPOINT WARNING * * *
You closely miss Prince Ribbit.
Prince Ribbit is heavily wounded.
Prince Ribbit hits you!
You die...

<...........(...
#.#######.######
.#..######.######
$...............
#######..#####.###### .
....................
...####..##..####.######
......))................
###..#)@#.##(.###.#####.
#. #.F)#..##.# #.#
#...#......##+#
#....####.#... ⌠.#.'.#
#...... #.......
#....... ##...... ##
#...# #...... ...#


You could see Prince Ribbit.

Vanquished Creatures
  Sigmund (D:3)
  Edmund (D:5)
  A sky beast (D:5)
  An orc warrior (D:6)
  3 ice beasts (D:5)
  An ogre (D:4)
  A centaur (D:5)
  A centaur zombie (D:5)
  An orc priest (D:6)
  2 hounds
  An iguana (D:5)
  4 orc wizards
  2 worker ants
  3 gnolls (D:3)
  6 adders
  A shadow imp (D:5)
  An ooze (D:2)
  3 worms
  2 dart slugs
  3 leopard geckos
  15 orcs
  A ball python (D:6)
  9 bats
  3 giant cockroaches
  10 goblins
  15 hobgoblins
  4 jackals
  2 quokkas
  4 frilled lizards
  A jackal zombie (D:5)
  10 kobolds
  11 rats
124 creatures vanquished.

Notes
Turn   | Place    | Note
-------+----------+-------------------------------------------
     0 | D:1      | galech the Minotaur Fighter began the quest for the Orb.
     0 | D:1      | Reached XP level 1. HP: 19/19 MP: 0/0
    77 | D:1      | Reached XP level 2. HP: 27/27 MP: 1/1
   401 | D:1      | You fall through a shaft!
   425 | D:2      | Reached skill level 3 in Axes
   476 | D:2      | Reached XP level 3. HP: 33/33 MP: 2/2
   989 | D:2      | Found a deep blue altar of Sif Muna.
  1354 | D:2      | Found an iron altar of Okawaru.
  1357 | D:2      | Reached XP level 4. HP: 39/40 MP: 3/3
  1722 | D:3      | Reached skill level 4 in Axes
  1724 | D:3      | Reached XP level 5. HP: 35/46 MP: 4/4
  2157 | D:3      | Noticed Sigmund
  2174 | D:3      | Killed Sigmund
  2174 | D:3      | Reached skill level 5 in Axes
  2174 | D:3      | Reached skill level 5 in Armour
  2174 | D:3      | Reached skill level 5 in Shields
  2174 | D:3      | Reached XP level 6. HP: 12/53 MP: 5/5
  2727 | D:4      | Reached skill level 6 in Axes
  2727 | D:4      | Reached skill level 1 in Dodging
  3213 | D:4      | Found a stormy altar of Qazlal.
  3257 | D:5      | Entered Level 5 of the Dungeon
  3270 | D:5      | Reached XP level 7. HP: 54/60 MP: 6/6
  3279 | D:5      | Noticed Edmund
  3291 | D:5      | Killed Edmund
  3439 | D:5      | Found a sparkling altar of Nemelex Xobeh.
  3476 | D:5      | Reached skill level 7 in Axes
  3506 | D:5      | Reached skill level 5 in Fighting
  3739 | D:5      | Reached XP level 8. HP: 68/68 MP: 7/7
  3962 | D:5      | Reached skill level 8 in Axes
  4211 | D:6      | Found an ornate altar of the Wu Jian Council.
  4211 | D:6      | Found a white marble altar of Elyvilon.
  4247 | D:6      | Noticed Prince Ribbit
  4272 | D:6      | HP: 3/69 [Prince Ribbit (14)]
  4273 | D:6      | Mangled by Prince Ribbit

Vault maps used:
D:1:      dpeg_arrival_simpleton_a, minivault_26, minmay_pentomino_u2
D:2:      lemuel_blue_sif_altar, old_standard_altar, dk_vineyard_3
D:3:      first_ration, uniq_sigmund
D:4:      lemuel_crystal_altar
D:5:      lemuel_crystal_altar, minivault_23, uniq_edmund
D:6:      lemuel_coloured_pillars_altar, evilmike_ruin_ashenzari,
          gammafunk_temple_overflow_elements, lemuel_temple_firewalk_b,
          chequers_ossuary_entry_cave, kennysheep_generic_room_8,
          uniq_prince_ribbit1, uniq_duvessa

Skill      XL: |  1  2  3  4  5  6  7  8 |
---------------+-------------------------+-----
Armour         | 4 5 6 7 |  7.0
Shields        | 4 5 6 |  6.2
Axes           | 3 4 5 6 7 8 |  8.7
Fighting       | 4 5 |  5.5
Dodging        | 1 2 |  2.0
Stealth        | |  0.3

Action                   |  1- 3 |  4- 6 |  7- 9 || total
-------------------------+-------+-------+-------++-------
Melee: War axe           |    87 |   117 |   115 ||   319
       Headbutt          |     7 |    27 |    17 ||    51
  Use: Potion            |       |     1 |       ||     1
  Eat: Chunk             |     1 |     7 |     3 ||    11
Armor: Scale mail        |    27 |    56 |    45 ||   128
Dodge: Dodged            |    15 |    31 |    21 ||    67
Block: Shield            |    50 |    64 |    56 ||   170

Table legend:
 A = Spawn XP
 B = Non-spawn XP
 C = Spawn XP percentage of total XP
 D = Spawn monster count
 E = Non-spawn monster count
 F = Spawn count percentage of total count
 G = Total turns spent on level
                    A         B        C        D         E        F      G
               +---------+---------+-------+---------+---------+-------+---------
         Total |       0 |    2064 |   0.0 |       0 |     124 |   0.0 |  4273
               +---------+---------+-------+---------+---------+-------+---------
           D:1 |       0 |      41 |   0.0 |       0 |      25 |   0.0 |   584
           D:2 |       0 |      63 |   0.0 |       0 |      25 |   0.0 |   891
           D:3 |       0 |     402 |   0.0 |       0 |      34 |   0.0 |  1001
           D:4 |       0 |     223 |   0.0 |       0 |       8 |   0.0 |   781
           D:5 |       0 |    1049 |   0.0 |       0 |      21 |   0.0 |   862
           D:6 |       0 |     286 |   0.0 |       0 |      11 |   0.0 |   154
               +---------+---------+-------+---------+---------+-------+---------
